AoeStats
← Dazai

Arabia

507375983Analyzed
2v2 RM · 15d ago on Sep 17, 2026· 38m 47s· 4 players
Game mode
Random Map
Map size
Medium (4 player)
Population
200
Speed
Normal
Resources
Standard
Victory
Conquest
Starting age
Dark Age
Ending age
Imperial Age
RankedLock teamsTeams togetherTeam positionsShared explorationLock speedFull tech treeHidden civsTurbo modeCheats
Victory
Defeat
🇺🇸 Hindustanis · United States
1069
+16
🇺🇸 Poles · United States
1060
+16
🇦🇷 Magyars · Argentina
1064
-16
🇦🇷 Aztecs · Argentina
1062
-16
Dazai
3:25 Loom
10:16 Feudal Age
24:39 Castle Age
22:55 Double-Bit Axe
24:29 Bloodlines
24:17 Gold Mining
27:51 Husbandry
29:49 Pikeman
31:02 Arson
35:21 Fletching
PocholA!
9:59 Loom
11:46 Feudal Age
14:41 Double-Bit Axe
16:30 Wheelbarrow
16:26 Forging
16:39 Scale Mail Armor
22:19 Castle Age
21:27 Stone Mining
21:30 Gold Mining
22:44 Pikeman
24:03 Squires
27:50 Iron Casting
28:46 Arson
28:23 Eagle Warrior
29:42 Fletching
34:29 Gold Shaft Mining
36:59 Imperial Age
36:17 Bodkin Arrow
smeximan
10:09 Feudal Age
9:06 Loom
10:47 Double-Bit Axe
24:37 Castle Age
23:22 Bloodlines
23:54 Forging
24:09 Horse Collar
24:25 Gold Mining
25:36 Scale Barding Armor
27:26 Husbandry
28:21 Iron Casting
32:16 Chain Barding Armor
31:59 Padded Archer Armor
33:36 Scale Mail Armor
35:19 Leather Archer Armor
travis
11:27 Feudal Age
12:24 Loom
12:21 Horse Collar
12:29 Double-Bit Axe
19:00 Wheelbarrow
18:38 Bloodlines
28:19 Castle Age
26:34 Forging
26:24 Scale Mail Armor
26:18 Arson
27:13 Stone Mining
29:28 Hand Cart
29:26 Bow Saw
29:36 Chain Mail Armor
29:58 Iron Casting
29:28 Squires
29:20 Town Watch
30:46 Heavy Plow
32:50 Szlachta Privileges
Connection lost

Rejoining the realm…

Still unreachable

The connection could not be restored.

Session expired

The server has moved on; the page needs a fresh start.